Map: Ever Dream LE

Players

LaFantome - Winner!

  • Race: Zerg Zerg
  • Spawn Location: 7:00

KìììÂ

  • Race: Protoss Protoss
  • League: Master
  • Spawn Location: 1:00

VOD

Have the link to the VOD?

Description

Time

  • Played on: Aug. 21, 2020, 2:28 p.m.
  • Length: 19:15
Show
View Real Time Build Order
Export as new Build Order

LaFantome Zerg - Winner!

Build Orders: Hatch First 

Get SALT Encoding   

  12  0:00  Drone  
  13  0:12  Overlord  
  13  0:16  Drone  
  14  0:30  Drone x2  
  16  0:48  Hatchery  
  15  0:51  Drone  
  15  0:54  Drone  
  17  0:57  Drone  
  18  1:08  Extractor  
  17  1:13  Spawning Pool  
  17  1:16  Drone  
  17  1:20  Drone  
  18  1:27  Drone  
  19  1:41  Drone  
  20  1:50  Overlord  
  20  2:00  Drone, Queen x2  
  25  2:01  Zergling x2  
  26  2:09  Metabolic Boost  
  26  2:10  Drone  
  26  2:13  Drone  
  28  2:21  Drone x2  
  30  2:35  Hatchery  
  29  2:41  Overlord  
  29  2:44  Drone  
  29  2:45  Drone  
  29  2:48  Drone  
  32  2:55  Zergling x2  
  32  2:57  Overlord  
  33  2:59  Queen  
  33  3:05  Drone x2  
  37  3:10  Drone x2  
  37  3:12  Drone x2  
  41  3:14  Zergling x2  
  42  3:24  Drone x3  
  45  3:29  Overlord  
  45  3:58  Drone x2  
  45  3:59  Drone x6  
  45  4:01  Extractor  
  52  4:03  Extractor  
  52  4:04  Queen x3  
  52  4:05  Roach Warren  
  56  4:12  Drone  
  56  4:13  Drone x6  
  56  4:15  Extractor  
  62  4:28  Evolution Chamber  
  61  4:45  Roach x2  
  65  4:46  Overlord  
  65  4:47  Overlord x5  
  65  4:54  Spore Crawler  
  64  5:05  Spore Crawler  
  64  5:07  Spore Crawler  
  62  5:08  Roach  
  62  5:09  Roach x8  
  62  5:10  Overlord  
  80  5:20  Lair  
  79  5:24  Drone  
  79  5:25  Drone x5  
  79  5:28  Drone x2  
  87  5:42  Zerg Missile Weapons Level 1  
  87  5:43  Drone x5  
  87  5:44  Drone x3  
  95  5:51  Overlord  
  95  5:53  Overlord  
  95  5:54  Overlord x2  
  95  5:57  Roach  
  97  6:04  Roach x4  
  99  6:06  Ravager  
  99  6:07  Ravager x4  
  99  6:08  Overlord  
  110  6:12  Zergling x2  
  110  6:13  Zergling x4  
  110  6:16  Roach  
  115  6:19  Glial Reconstitution  
  115  6:21  Zergling x4  
  117  6:27  Drone  
  117  6:28  Zergling x16  
  126  6:35  Zergling x2  
  126  6:36  Zergling x4  
  123  6:45  Zergling x2  
  123  6:46  Zergling x2  
  110  6:51  Zergling x2  
  99  6:56  Zergling x2  
  99  6:57  Zergling x16  
  99  6:58  Zergling x2  
  99  7:02  Zergling x2  
  99  7:03  Zergling x2  
  96  7:08  Zergling x2  
  96  7:12  Ravager  
  74  7:24  Zergling x10  
  74  7:28  Zergling x2  
  74  7:29  Zergling x16  
  80  7:39  Zergling x2  
  80  7:40  Zergling x4  
  80  7:43  Zergling x2  
  80  7:56  Extractor  
  80  7:57  Queen x3  
  80  7:58  Overlord x3, Extractor  
  84  7:59  Roach  
  84  8:00  Roach x6  
  84  8:01  Zerg Missile Weapons Level 2  
  84  8:02  Tunneling Claws  
  98  8:06  Hatchery  
  97  8:20  Drone  
  97  8:21  Drone x3  
  97  8:22  Drone x2  
  102  8:32  Roach x6  
  114  8:36  Baneling Nest  
  114  8:41  Overseer  
  112  8:45  Roach  
  112  8:46  Roach x2  
  110  8:52  Ravager x2  
  110  8:53  Ravager x5  
  117  8:56  Ravager x3  
  117  8:58  Zergling x12  
  120  9:12  Roach  
  120  9:13  Roach x3  
  114  9:17  Zergling x2  
  104  9:24  Zergling x4  
  104  9:25  Zergling x12  
  93  9:35  Zergling x6  
  82  9:45  Ravager x3  
  76  9:48  Zergling x4  
  76  9:49  Zergling x8  
  64  10:05  Drone  
  64  10:06  Drone x4  
  58  10:15  Drone  
  58  10:16  Drone x3  
  62  10:29  Roach x4  
  62  10:31  Centrifical Hooks  
  62  10:32  Hatchery  
  62  10:33  Zerg Melee Weapons Level 1  
  69  10:41  Overseer  
  69  10:47  Drone x3  
  72  10:50  Ravager  
  72  10:51  Ravager x3  
  72  10:52  Overlord x2  
  72  10:55  Roach  
  72  10:56  Roach x8  
  94  11:05  Baneling  
  94  11:06  Baneling x7  
  94  11:08  Drone x5  
  99  11:28  Burrow  
  99  11:35  Drone x11  
  110  11:47  Roach x4  
  110  11:48  Roach x2  
  110  11:51  Roach  
  110  11:52  Roach  
  110  11:53  Ravager  
  133  11:54  Ravager x6  
  133  12:02  Roach  
  133  12:03  Roach x3  
  133  12:05  Zergling x4  
  141  12:22  Roach  
  129  12:23  Roach x8  
  107  12:44  Roach  
  107  12:45  Roach x10  
  103  13:02  Roach  
  103  13:03  Roach x8  
  116  13:07  Ravager x5  
  116  13:08  Zergling x2  
  116  13:09  Zergling x4  
  122  13:21  Ravager x3  
  84  13:48  Ravager  
  84  13:49  Ravager x4  
  84  13:50  Zergling x10  
  84  13:51  Zergling x26  
  84  13:55  Hatchery  
  105  14:08  Roach x5  
  115  14:10  Zergling x2  
  115  14:13  Baneling x4  
  115  14:14  Baneling  
  115  14:15  Baneling  
  116  14:21  Hatchery  
  115  14:33  Zergling x20  
  125  14:39  Baneling  
  125  14:40  Baneling x7  
  115  14:56  Roach  
  115  14:57  Roach x5  
  122  15:12  Roach  
  122  15:13  Roach x4  
  98  15:34  Roach x9  
  101  15:37  Roach  
  101  15:38  Roach  
  103  15:54  Ravager x3  
  103  15:55  Ravager x10  
  103  15:56  Roach  
  118  16:07  Roach  
  118  16:08  Roach x7  
  134  16:12  Overseer  
  134  16:17  Roach x4  
  132  16:19  Roach x3  
  125  16:28  Roach x6  
  123  16:41  Roach x5  
  123  16:46  Roach x2  
  127  16:47  Roach x2  
  106  17:04  Roach x4  
  95  17:10  Roach x3  
  87  17:16  Roach x2  
  91  17:23  Roach  
  93  17:32  Ravager x3  
  93  18:01  Hatchery  
  93  18:20  Drone  
  93  18:37  Hatchery  
  93  18:43  Drone  
  93  18:44  Drone x3  
  93  18:49  Drone  
  93  18:50  Drone x4  
  93  19:01  Drone  
  93  19:02  Drone  
Show
View Real Time Build Order
Export as new Build Order

Kììì Protoss 

Build Orders: 1 Gate Expand 

Get SALT Encoding   

  12  0:04  Probe  
  13  0:16  Probe  
  13  0:18  Pylon  
  14  0:28  Probe  
  15  0:40  Gateway, Probe  
  16  0:52  Probe  
  16  0:54  Assimilator  
  17  1:04  Probe  
  18  1:16  Probe (Chrono Boost)  
  20  1:27  Probe (Chrono Boost)  
  20  1:32  Cybernetics Core  
  20  1:36  Probe  
  20  1:37  Nexus  
  21  1:44  Assimilator  
  21  1:48  Probe  
  22  1:55  Pylon  
  22  2:00  Probe  
  23  2:13  Probe  
  23  2:14  Stalker  
  26  2:22  Robotics Facility  
  26  2:25  Probe  
  26  2:27  Warp Gate (Chrono Boost)  
  27  2:37  Probe  
  27  2:40  Pylon  
  28  2:44  Adept  
  28  2:49  Probe  
  31  2:53  Forge  
  31  2:58  Probe (Chrono Boost)  
  32  3:01  Probe (Chrono Boost)  
  35  3:13  Probe (Chrono Boost)  
  35  3:14  Probe (Chrono Boost)  
  35  3:15  Immortal (Chrono Boost)  
  39  3:23  Gateway  
  39  3:25  Probe  
  39  3:27  Probe  
  41  3:33  Protoss Ground Weapons Level 1  
  41  3:37  Probe  
  41  3:40  Probe  
  42  3:43  Shield Battery  
  42  3:49  Probe  
  42  3:53  Observer (Chrono Boost)  
  42  3:54  Gateway  
  44  4:05  Immortal (Chrono Boost), Probe x2  
  44  4:09  Sentry  
  52  4:14  Pylon  
  52  4:17  Probe x2  
  54  4:29  Gateway  
  54  4:30  Gateway  
  54  4:32  Pylon  
  54  4:42  Immortal (Chrono Boost)  
  54  4:45  Assimilator  
  58  4:48  Adept  
  58  4:49  Adept  
  62  5:10  Adept, Stalker  
  62  5:11  Stalker  
  68  5:18  Warp Prism (Chrono Boost)  
  70  5:25  Pylon  
  70  5:26  Pylon  
  70  5:28  Pylon  
  70  5:34  Gateway x2  
  70  5:37  Gateway  
  70  5:40  Pylon  
  70  5:50  Stalker x4  
  78  6:07  Stalker  
  80  6:13  Pylon  
  80  6:19  Stalker x4  
  88  6:38  Adept x3  
  88  6:40  Adept  
  62  7:23  Adept x2  
  62  7:24  Adept x6  
  62  7:25  Probe x2  
  74  7:37  Probe x2  
  74  7:40  Nexus  
  72  7:49  Adept x2, Probe  
  72  7:50  Adept x6  
  89  7:59  Twilight Council  
  89  8:06  Assimilator  
  89  8:08  Pylon  
  89  8:09  Observer, Probe  
  90  8:13  Zealot x3  
  90  8:14  Zealot x2  
  90  8:15  Stalker x3  
  106  8:49  Adept  
  106  8:50  Adept x5  
  118  9:07  Protoss Ground Weapons Level 2  
  90  9:26  Zealot x3, Charge (Chrono Boost)  
  90  9:27  Zealot x5  
  90  9:30  Probe x2  
  90  9:31  Probe  
  89  9:42  Probe  
  89  9:43  Probe x2  
  89  9:55  Probe x2  
  87  10:04  Adept x2, Zealot x2  
  87  10:05  Zealot x4  
  87  10:21  Immortal (Chrono Boost)  
  85  10:25  Assimilator  
  85  10:27  Assimilator  
  89  10:29  Stalker  
  89  10:30  Stalker  
  89  10:31  Templar Archives  
  93  10:42  Zealot x2  
  95  10:43  Zealot x2  
  95  10:45  Pylon  
  95  10:49  Probe x2  
  104  10:50  Probe  
  104  10:51  Immortal (Chrono Boost)  
  108  11:01  Probe  
  108  11:02  Probe  
  110  11:05  Stalker  
  110  11:09  High Templar x6  
  124  11:13  Archon  
  124  11:14  Archon  
  124  11:15  Archon  
  124  11:17  Zealot  
  126  11:29  Observer (Chrono Boost), Stalker  
  129  11:35  High Templar  
  129  11:36  High Templar, Zealot  
  129  11:37  Zealot x2  
  139  11:41  Warp Prism  
  141  12:11  Pylon  
  141  12:12  Pylon  
  141  12:18  Archon  
  105  12:37  Zealot  
  105  12:38  Zealot x4  
  105  12:39  High Templar x3  
  101  13:00  High Templar x4  
  101  13:01  High Templar  
  101  13:05  Archon x3  
  109  13:09  Archon  
  103  13:30  Zealot x3  
  85  13:36  Zealot x5  
  69  13:42  High Templar  
  69  13:43  High Templar x3  
  67  13:50  Archon x2  
  67  13:55  Immortal (Chrono Boost), Zealot x3  
  69  13:57  Zealot  
  69  13:59  Nexus  
  79  14:05  Gateway  
  79  14:06  Gateway  
  79  14:08  Gateway  
  79  14:10  Gateway  
  79  14:14  Pylon  
  79  14:16  Gateway  
  79  14:19  Stalker  
  79  14:20  Stalker x5  
  79  14:21  Stalker x2  
  79  14:23  Probe x3  
  98  14:24  Immortal (Chrono Boost)  
  98  14:28  Pylon  
  98  14:29  Pylon  
  98  14:30  Pylon  
  102  14:35  Probe x3  
  102  14:36  Pylon  
  105  14:47  Probe x2  
  97  14:57  High Templar  
  97  14:58  High Templar x3  
  105  15:00  Stalker x4  
  105  15:03  Archon  
  105  15:04  Archon  
  107  15:13  Zealot x3  
  107  15:14  Zealot  
  80  15:34  High Templar x4  
  80  15:35  Zealot x3  
  88  15:36  Zealot x2  
  88  15:41  Archon x2  
  96  15:51  High Templar x2  
  96  15:52  Zealot x2  
  96  15:56  Archon  
  104  15:59  Zealot x4  
  104  16:00  Zealot  
  104  16:01  Probe  
  99  16:32  Zealot  
  99  16:33  Zealot x6  
  99  16:34  Zealot  
  99  16:36  Dark Shrine  
Tags
 
Add a new tag
Caveats
  • Supply blocks, unpowered buildings, or Contaminate may cause inaccurate times.
  • Supply counts are checked every 10 seconds.